AoeStats
← titanus-3

Black Forest

509174150Analyzed
3v3 RM · 5d ago on Sep 25, 2026· 57m 21s· 6 players
Game mode
Random Map
Map size
Normal (6 player)
Population
200
Speed
Normal
Resources
Standard
Victory
Conquest
Starting age
Dark Age
Ending age
Imperial Age
RankedLock teamsTeams togetherTeam positionsShared explorationLock speedFull tech treeHidden civsTurbo modeCheats
Victory
Defeat
🇨🇴 Inca · Colombia
1200
+16
🇹🇷 Koreans · Türkiye
1192
+16
🇬🇧 Gurjaras · United Kingdom
1188
+16
🇩🇪 Cumans · Germany
1245
-18
🇩🇪 Burmese · Germany
1243
-18
🇩🇪 Lithuanians · Germany
1102
-12
Searching for food
2:41 Loom
12:20 Feudal Age
17:06 Castle Age
15:03 Double-Bit Axe
16:48 Horse Collar
21:31 Heavy Plow
21:56 Bow Saw
25:34 Wheelbarrow
29:40 Imperial Age
28:23 Scale Barding Armor
28:29 Forging
28:44 Hand Cart
28:17 Town Watch
29:52 Kshatriyas
30:00 Gold Mining
30:24 Bloodlines
30:15 Husbandry
32:16 Hoardings
32:08 Chain Barding Armor
33:00 Chemistry
33:02 Gold Shaft Mining
32:02 Heavy Camel Rider
33:07 Conscription
34:17 Frontier Guards
35:33 Plate Barding Armor
35:34 Iron Casting
35:45 Fortified Wall
35:06 Light Cavalry
36:10 Hussar
40:30 Ballistics
40:02 Fletching
39:57 Treadmill Crane
40:19 Murder Holes
41:46 Bodkin Arrow
41:52 Scale Mail Armor
43:33 Bracer
43:49 Chain Mail Armor
43:27 Elite Chakram Thrower
47:37 Caravan
56:19 Plate Mail Armor
56:02 Masonry
emre_gul19
0:39 Loom
11:06 Feudal Age
12:29 Wheelbarrow
11:41 Double-Bit Axe
12:39 Horse Collar
18:51 Castle Age
18:21 Stone Mining
19:45 Bow Saw
19:47 Heavy Plow
24:52 Stone Shaft Mining
25:03 Hand Cart
24:39 Town Watch
25:59 Stone Shaft Mining
25:15 Gold Mining
28:10 Gold Shaft Mining
28:56 Town Patrol
33:57 Imperial Age
33:01 Scale Mail Armor
33:11 Forging
32:59 Pikeman
33:39 Squires
33:25 Arson
34:50 Chain Mail Armor
35:10 Iron Casting
34:30 Fletching
36:12 Two-Man Saw
34:45 Halberdier
36:01 Plate Mail Armor
36:31 Conscription
36:42 Bodkin Arrow
36:55 Scale Barding Armor
37:43 Conscription
37:49 Conscription
36:50 Elite War Wagon
39:06 Bracer
39:27 Chain Barding Armor
41:56 Elite Skirmisher
42:42 Thumb Ring
44:03 Husbandry
43:25 Light Cavalry
53:22 Chemistry
52:43 Ballistics
micoelchico
11:37 Feudal Age
12:29 Double-Bit Axe
13:26 Gold Mining
15:59 Castle Age
15:37 Horse Collar
22:18 Imperial Age
20:20 Champi Runner
20:21 Pikeman
21:02 Squires
21:38 Bow Saw
21:43 Champi Warrior
22:39 Heavy Plow
23:32 Scale Mail Armor
23:40 Capped Ram
25:55 Forging
27:28 Gold Shaft Mining
28:22 Wheelbarrow
28:47 Chain Mail Armor
30:28 Iron Casting
30:36 Hand Cart
31:57 Plate Mail Armor
31:02 Halberdier
33:59 Blast Furnace
32:58 Loom
34:30 Block Printing
34:36 Sanctity
34:43 Illumination
34:55 Theocracy
35:00 Town Watch
38:00 Crop Rotation
37:34 Elite Champi Warrior
39:25 Town Patrol
41:40 Redemption
41:31 Devotion
41:27 Herbal Medicine
41:35 Siege Ram
42:28 Stone Mining
45:22 Stone Shaft Mining
47:14 Conscription
46:16 Elite Kamayuk
49:43 Arson
50:12 Siege Engineers
49:49 Treadmill Crane
Antillis
0:27 Loom
11:49 Feudal Age
14:24 Double-Bit Axe
20:26 Castle Age
18:48 Horse Collar
25:01 Stone Mining
25:01 Gold Mining
28:33 Thumb Ring
28:34 Padded Archer Armor
28:25 Fletching
29:00 Ballistics
29:58 Bloodlines
30:56 Bodkin Arrow
31:17 Leather Archer Armor
43:04 Steppe Husbandry
48:11 Imperial Age
48:25 Elite Kipchak
50:14 Chemistry
51:08 Ring Archer Armor
54:45 Elite Steppe Lancer
tenshi
11:36 Feudal Age
15:24 Castle Age
13:48 Horse Collar
16:44 Heavy Plow
17:39 Heavy Plow
18:09 Loom
23:20 Wheelbarrow
23:46 Gold Mining
26:56 Gold Shaft Mining
27:24 Stone Mining
27:37 Devotion
27:46 Scale Barding Armor
27:51 Forging
30:35 Imperial Age
28:55 Chain Barding Armor
28:49 Forging
29:08 Fortified Wall
29:11 Husbandry
31:45 Iron Casting
31:28 Hand Cart
30:41 Elite Battle Elephant
31:33 Bloodlines
31:53 Howdah
32:14 Conscription
33:43 Plate Barding Armor
34:09 Blast Furnace
33:23 Masonry
33:11 Town Watch
33:17 Light Cavalry
37:30 Faith
38:27 Fletching
39:30 Pikeman
40:11 Squires
39:59 Arson
40:17 Scale Mail Armor
41:12 Halberdier
42:18 Chain Mail Armor
43:29 Plate Mail Armor
47:33 Bodkin Arrow
47:04 Hussar
48:43 Architecture
titanus-3
0:38 Loom
11:31 Feudal Age
17:55 Castle Age
16:32 Wheelbarrow
15:45 Double-Bit Axe
18:30 Horse Collar
19:03 Bow Saw
25:27 Fortified Wall
26:01 Forging
26:11 Forging
29:35 Scale Barding Armor
30:06 Iron Casting
30:21 Hand Cart
30:25 Bloodlines
30:16 Husbandry
32:02 Chain Barding Armor
35:28 Imperial Age
32:55 Light Cavalry
35:45 Pikeman
36:47 Squires
38:27 Conscription
Connection lost

Rejoining the realm…

Still unreachable

The connection could not be restored.

Session expired

The server has moved on; the page needs a fresh start.